[Event "WA Winter Classic"]
[Site "Chess.com"]
[Date "2020.12.27"]
[Round "7"]
[White "Lenderman, Aleksandr"]
[Black "Shahinyan, David"]
[Result "0-1"]
[ECO "E90"]
[WhiteElo "2704"]
[BlackElo "2580"]
[Annotator "Aleksandr Lenderman"]
[PlyCount "132"]
[EventDate "2020.??.??"]
[TimeControl "2700+5"]

1. d4 {In this game I am
playing IM David Shahinyan who after a tough first day where he lost two games,
was making a comeback today with two wins. I knew that most likely just a draw
would be good enough for me to win the event. Therefore, I played the most
theoretical line. However, my opponent to his credit played a rare sideline
where he guaranteed a sharp fight.} Nf6 2. c4 c5 3. d5 g6 4. Nc3 Bg7 5. e4 d6
6. h3 O-O 7. Nf3 e6 8. Bd3 {This was all expected. However, now he put in a
wrinkle, something I have never seen before. My Armenian friend then told me
that Aronian has played this before. Not a surprise that my opponent knew
about this.} Nbd7 (8... exd5 {I was hoping for this main line in the Benoni} 9.
cxd5 b5 10. Bxb5 Nxe4 11. Nxe4 Qa5+ 12. Nfd2 Qxb5 13. Nxd6 Qa6 14. N2c4 Nd7 15.
O-O Ne5 16. Nxc8 Raxc8 17. Nxe5 Bxe5 18. Re1 {Where white practically has no
risk of losing.}) 9. O-O (9. dxe6 {I was considering this, but I thought if I
don't win d6 quickly, in the long run, I abandon dark squares.} fxe6 10. O-O
Ne8 11. Bg5 $14) 9... e5 {Now he keeps pieces on the board and the game
becomes sharp.} 10. Bg5 {The idea of this is to induce h6 and so that f5 will
potentially weaken g6. However, my opponent used this to his advantage by
playing with Nh7, which I never saw before.} h6 11. Be3 Nh7 (11... Nh5 12. g3)
12. Qd2 f5 {Here he was still playing very quickly, which told me he's
probably still in prep.} 13. Bxh6 $6 {I thought this is the safe way to play,
given that I thought I can lock up the game and not risk losing too much.
However, I should've just tried to forget about the result and play what I
think is the most principled even if I wasn't sure.} (13. exf5 $1 gxf5 14. Bxh6
e4 15. Nxe4 fxe4 16. Bxe4 Ndf6 17. Bg6 $16 {And here white is better with 3
pawns for a piece because white's pieces are active and black has a bad king.})
13... f4 14. Bxg7 Kxg7 15. Be2 Rh8 16. Qd1 Ndf6 17. a3 Bd7 $6 (17... g5 $1 {
Was best. We both assumed Nh2 is fine here, but in fact g4 just crashes
through. I really misjudged this position somehow.} 18. Nh2 g4 19. Nxg4 Ng5 20.
Nxf6 Qxf6 21. Bg4 f3) 18. b4 b6 19. bxc5 bxc5 20. Rb1 Qc8 21. Re1 Bxh3 $5 {
Objectively maybe not sound but the only way to cause a mess.} 22. gxh3 Qxh3
23. Bf1 Qh5 24. Rb7+ Kg8 25. Bg2 {Here I really thought I was out of danger
and thought I'll win the game. However, somehow I misjudged some dynamics and
missed some tricky lines from his opponent and the game became messy.} Ng4 26.
Qe2 $6 {I thought this was the most natural but I could've already moved
towards decisive actions with} (26. Nb5 Ng5 27. Nc7 Rc8 28. Nxg5 Qxg5 29. Ne6)
26... Ng5 27. Reb1 $2 {And this is a mistake based on a miscalculation.} (27.
Nxg5 Qxg5 28. Rd1 (28. Nb1 {Is also winning bringing the knight to f3.}) 28...
Nh2 29. Rd3 {Was missing for me.} (29. f3 Rh3 30. Rd3)) 27... Nh2 $1 {Only
here I suddenly to my horror realized that Nxg5 Qxg5 f3 which I planned is met
by} 28. Nxh2 (28. Nxg5 Qxg5 29. f3 (29. Rb8+ Kg7 30. R1b7+ $2 {Is even worse
because of} Kf6 31. Rxa8 f3 $1) 29... Rh3 $3 {And suddenly it is very tricky
for me.}) 28... Qxh2+ 29. Kf1 f3 $1 {And now black is fully back in the game.}
30. Bxf3 Rf8 31. Rb8 Qh3+ 32. Bg2 Qxc3 33. R8b3 Qa5 {I thought I was sort of
out of danger here. However, he managed to create problems to me here and
played the rest of the game incredibly well.} 34. Qe3 Rh5 35. Rb8 Qa6 36. Rxf8+
Kxf8 37. Qb3 {Objectively this was ok but Bf3 probably forced the desired draw.
} (37. Bf3 Qxc4+ (37... Nxf3 38. Qxf3+ Kg7 39. Rb8 Qxc4+ 40. Kg2 Rg5+ 41. Kh2 {
Black has to repeat here.}) 38. Be2) 37... Nf7 $1 {As it's well known,
backward knight moves are often missed, and I definitely missed this move. I
thought queens are definitely coming off the board. However, after Nf7 I was
starting to really worry about this game for the first time in this game.
Position was equal but harder for me to play :(} 38. Qc3 $6 (38. Bh3 Kg7 39.
Kg2 {I should've stopped the queen from going to c8.} Qa5 40. Qe3 {I'm able to
keep his queen at bay here.}) 38... Kg7 39. Rb5 Rh4 40. Kg1 Qc8 $1 41. Qe3 Kf6
$3 {Ng5 is now coming and I cannot stop it.} 42. Qf3+ Rf4 43. Qg3 Ng5 44. f3
Qa6 45. Qh2 Kg7 46. Qg3 Nf7 47. Qe1 Qxa3 {Now it is just lost for me.} 48. Ra5
Qd3 49. Rxa7 Qxc4 50. Qe3 Qb4 51. Bf1 Kf6 52. Ra8 Qb1 53. Kg2 Qb2+ 54. Kg1 Qb7
55. Rg8 Qb1 56. Kf2 Qb2+ 57. Be2 Ng5 58. Rf8+ Ke7 59. Rxf4 exf4 60. Qd3 Qd4+
61. Qxd4 cxd4 62. Kg2 Nf7 63. Kh3 Ne5 64. Kh4 Kf6 65. Kh3 d3 66. Bd1 Nc4 {
Shahinyan_ChessMood won by resignation. Perfect technique for him. Ever since
Nh2 he played very well, and took maximum advantages of all his chances.
Painful and frustrating game for me. What to do though :)} 0-1

[Event "WA Winter Classic"]
[Site "Chess.com"]
[Date "2020.12.27"]
[Round "8"]
[White "Luo, Ethan"]
[Black "Lenderman, Aleksandr"]
[Result "0-1"]
[ECO "B07"]
[WhiteElo "1469"]
[BlackElo "2704"]
[Annotator "Aleksandr Lenderman"]
[PlyCount "72"]
[EventDate "2020.??.??"]
[TimeControl "2700+5"]

{[%evp 0,72,34,23,71,71,91,75,77,75,75,89,89,89,105,81,70,58,190,122,123,78,67,
23,23,23,64,-27,-33,-36,-30,-57,-22,-40,11,-1,79,-56,-62,-91,-33,-77,-62,-155,
-151,-152,-140,-133,-160,-140,-167,-193,-200,-162,-180,-172,-188,-233,-237,
-227,-229,-237,-243,-292,-305,-305,-255,-329,-347,-354,-378,-491,-545,-952,
-823] In the last round I was playing a player about 1500 but very under-rated
as I saw he beat some higher rated players in this tournament. I just wanted
to finish the tournament on a good note and at least salvage a share first.} 1.
e4 d6 2. d4 Nf6 3. Nc3 e5 4. dxe5 dxe5 5. Qxd8+ Kxd8 6. Nf3 Bd6 7. Bc4 Ke7 8.
Bg5 c6 (8... Nbd7 9. Nd5+ Kf8 {might be more accurate.}) 9. O-O-O Bc7 10. h3 (
10. Nh4 {Was probably better to create some problems for me.}) 10... Nbd7 11.
Be3 b5 12. Bb3 a5 (12... b4 {I was thinking about this here but I was worried
that the e4 pawn was poisioned.} 13. Na4 Nxe4 14. Rhe1 Re8 15. Ng5 Nxg5 16.
Bxg5+ f6 17. Bd2 a5 18. Be3 {with good compensation.}) 13. a4 (13. a3 {was
safer}) 13... b4 14. Ne2 Nxe4 15. Ng5 Nxg5 16. Bxg5+ f6 (16... Nf6 {was more
accurate.}) 17. Be3 Bb6 $4 {As soon as I played it, my heart almost stopped :)
What a blunder! Reminded me of the game I lost to the 1500 Shapiro in July due
to a huge blunder. Thankfully, my opponent played fast and missed the simple
tactic.} 18. Bxb6 $4 (18. Rxd7+ Bxd7 19. Bxb6 Be6 {I would play this and hope
for the best. Of course, I should be lost :)}) 18... Nxb6 19. Ng3 c5 20. Bd5
Ra7 21. b3 Rc7 22. f4 Nxd5 23. Rxd5 Be6 24. Rd2 exf4 25. Nh5 g5 26. Re1 Kf7 27.
Rd6 Re8 28. Ng7 Kxg7 29. Rexe6 Rxe6 30. Rxe6 c4 31. Kb2 c3+ 32. Kc1 Rc5 33. Kd1
Rd5+ 34. Ke1 Re5+ 35. Rxe5 fxe5 36. Ke2 e4 {AlexanderL won by resignation. A
good result in the last game but some ugly games for me on the last day. At
least I salvaged a share of 1st-3rd which wasn't terrible.} 0-1